Map: 宿怨战场-天梯版

Players

Serral - Winner!

  • Race: Zerg Zerg

Dark

  • Race: Zerg Zerg
  • League: Gold

Event: WESG 2018 Grand Finals

VOD

Have the link to the VOD?

Description

Time

  • Played on: March 14, 2019, 4:22 a.m.
  • Length: 6:50

All games in this series

Show
View Real Time Build Order
Export as new Build Order

Serral Zerg - Winner!

Build Orders: Hatch First, Zergling Baneling 

Get SALT Encoding   

  12  0:00  Drone  
  13  0:14  Overlord  
  13  0:17  Drone  
  14  0:32  Drone x2  
  16  0:49  Hatchery  
  15  0:52  Drone  
  15  0:56  Drone  
  17  0:59  Drone  
  18  1:10  Extractor  
  17  1:14  Spawning Pool  
  17  1:17  Drone  
  17  1:20  Drone  
  18  1:30  Drone  
  19  1:40  Drone  
  20  1:51  Drone  
  21  2:01  Overlord  
  21  2:02  Queen x2  
  21  2:08  Drone  
  26  2:11  Metabolic Boost  
  26  2:13  Drone x2  
  28  2:27  Zergling x2  
  28  2:28  Drone  
  30  2:35  Overlord  
  30  2:41  Zergling x2  
  33  2:45  Zergling x4  
  33  2:50  Baneling Nest  
  32  2:55  Evolution Chamber  
  32  2:56  Overlord  
  32  2:57  Zergling x2  
  32  3:02  Roach Warren  
  31  3:06  Zergling x4  
  31  3:11  Zergling x6  
  36  3:17  Zergling x4  
  36  3:18  Zergling x2  
  39  3:22  Zergling x4  
  42  3:31  Zergling x4  
  44  3:39  Zergling x2  
  45  3:43  Zergling x8  
  45  3:45  Baneling x8  
  49  3:53  Zergling x6  
  50  3:59  Zergling x4  
  45  4:10  Baneling x2  
  45  4:13  Zergling x8  
  47  4:19  Zergling x6  
  45  4:33  Zergling x10  
  48  4:40  Zergling x2  
  45  4:53  Hatchery  
  45  4:57  Zergling x6  
  42  5:05  Drone x3  
  44  5:09  Drone  
  44  5:10  Drone  
  44  5:13  Drone  
  46  5:19  Drone x2  
  47  5:25  Drone x2  
  47  5:33  Drone  
  45  5:41  Roach Warren  
  44  5:49  Drone x4, Extractor x2  
  45  5:55  Drone x2  
  47  5:58  Drone  
  47  6:01  Drone x2  
  47  6:10  Drone  
  47  6:11  Drone  
  49  6:14  Overlord  
  47  6:22  Roach x5  
  55  6:27  Overlord  
  55  6:30  Roach  
Show
View Real Time Build Order
Export as new Build Order

Dark Zerg 

Build Orders: Hatch First 

Get SALT Encoding   

  12  0:00  Drone  
  13  0:12  Overlord  
  13  0:17  Drone  
  14  0:30  Drone x2  
  14  0:35  Drone  
  17  0:51  Hatchery  
  17  0:54  Drone  
  17  0:57  Drone  
  18  1:08  Extractor  
  17  1:13  Spawning Pool  
  17  1:15  Drone  
  18  1:18  Drone  
  18  1:28  Drone  
  19  1:38  Drone  
  20  1:52  Overlord  
  20  2:01  Queen  
  22  2:03  Queen  
  22  2:05  Drone x2  
  26  2:12  Drone  
  27  2:16  Drone  
  28  2:26  Drone  
  29  2:34  Hatchery  
  29  2:36  Drone  
  29  2:40  Queen  
  29  2:43  Drone x2  
  29  2:44  Drone  
  34  2:47  Overlord  
  34  2:53  Drone  
  35  3:00  Drone  
  36  3:06  Drone  
  36  3:09  Evolution Chamber  
  36  3:10  Drone x4  
  40  3:15  Drone x2  
  42  3:20  Roach Warren  
  42  3:24  Drone  
  42  3:25  Lair  
  42  3:32  Drone x2  
  44  3:39  Evolution Chamber  
  43  3:42  Zergling x2  
  43  3:47  Evolution Chamber x2  
  42  3:51  Evolution Chamber  
  41  3:59  Roach x4  
  41  4:00  Overlord  
  49  4:09  Zergling x2  
  50  4:12  Zergling x2  
  50  4:13  Zergling x2  
  50  4:16  Roach Warren  
  42  4:34  Queen, Zergling x12  
  43  4:45  Evolution Chamber  
  43  4:50  Spine Crawler  
  33  4:53  Drone x2  
  31  5:03  Evolution Chamber  
  31  5:04  Drone  
  29  5:08  Queen  
  29  5:11  Drone x2  
  31  5:24  Zergling x4  
  26  5:36  Evolution Chamber  
  22  5:45  Drone  
  22  5:53  Drone  
  21  6:08  Drone  
  21  6:18  Drone  
  21  6:24  Drone  
  22  6:28  Drone  
  23  6:35  Drone  
Tags
 
Add a new tag
Caveats
  • Supply blocks, unpowered buildings, or Contaminate may cause inaccurate times.
  • Supply counts are checked every 10 seconds.